 Dungeon Crawl Stone Soup version 0.26-a0-812-g31a745ddcd (webtiles) character file.

Game seed: 2942462038092494979

38 kae the Insei (level 3, 0/20 HPs)
             Began as a Tengu Transmuter on Nov 20, 2020.
             Succumbed to miscasting Spider Form's poison
             ... on level 2 of the Dungeon.
             The game lasted 00:00:53 (1562 turns).

kae the Insei (Tengu Transmuter)                    Turns: 1562, Time: 00:00:54

Health: 0/20       AC:  2    Str: 11    XL:     3   Next: 43%
Magic:  1/7        EV: 13    Int: 13    God:
Gold:   68         SH:  0    Dex: 14    Spells: 2/6 levels left

rFire    . . .     SeeInvis .     - Unarmed
rCold    . . .     Faith    .   (no shield)
rNeg     . . .     Spirit   .   a - +0 robe
rPois    .         Reflect  .   (helmet restricted)
rElec    .         Harm     .   (no cloak)
rCorr    .         Rampage  .   (no gloves)
MR       .....                  (boots unavailable)
Stlth    +.........             (no amulet)
HPRegen  0.06/turn              (no ring)
MPRegen  0.10/turn              (no ring)

@: lethally poisoned (0 -> -4), very slightly contaminated
A: beak, talons 3
a: no special abilities


You were on level 2 of the Dungeon.
You visited 1 branch of the dungeon, and saw 2 of its levels.

You collected 68 gold pieces.

Inventory:

Armour
 a - a +0 robe (worn)
Scrolls
 d - a scroll of identify {unknown}
Potions
 b - a potion of cancellation {unknown}
 c - a potion of berserk rage {unknown}


   Skills:
 + Level 1.3 Fighting
 + Level 2.4 Dodging
 * Level 3.8 Unarmed Combat
 + Level 2.2 Spellcasting
 * Level 2.1 Transmutations
 * Level 0.3 Poison Magic


You had 2 spell levels left.
You knew the following spells:

 Your Spells              Type           Power        Failure   Level
a - Beastly Appendage     Tmut           #.....       11%         1
b - Spider Form           Tmut/Pois      #.........   41%         3

Your spell library contained the following spells:

 Spells                   Type           Power        Failure   Level
 Wereblood                Tmut           #.......     16%         2
 Ice Form                 Ice/Tmut       #.......     85%         4
 Blade Hands              Tmut           #.........   96%         5


Dungeon Overview and Level Annotations

Branches:
Dungeon (2/15)

Altars:


Innate Abilities, Weirdness & Mutations

You have a beak for a mouth.
You have claws for feet.


Message History

The spell is potentially lethal to cast (41% risk of failure)!
Continue anyway?
You miscast Spider Form.
You are very lightly contaminated with residual magic.
Nothing appears to happen.
The gnoll shouts!
You hear a shout!
Casting: Spider Form (potentially lethal; 41% risk of failure)
Confirm with . or Enter, or press ? or * to list all spells.
The spell is potentially lethal to cast (41% risk of failure)!
Continue anyway? [Y]es or [N]o only, please.
The spell is potentially lethal to cast (41% risk of failure)!
Continue anyway?
You miscast Spider Form.
You feel incredibly sick!
You are poisoned.
Ouch! That really hurt!
You feel sick.
A gnoll comes into view. It is wielding a +0 club.
You feel sick.
The gnoll hits you from afar with a +0 spear.
* * * LOW HITPOINT WARNING * * *
A gnoll comes into view.
You die...

................<....#
.#...................#
.#.#...##............#
.#.#...##.......######
.#.#............#
.#.#...###...##.######
.#.#.#.# #...##.##...
.#.#.#.###....#.##.###
................@....#
.#.#.#...............#
.#.#.#.....#..#.##.###
...#.'.....#..#.##g###
.#.#.#.....#..#......#
....................g#
.#.#.###.#.##.#.##.##..#
.#.#.# #......#.##.#
....#
.#.#.###.#.##.#.##.#
...#


You could see 2 gnolls.

Vanquished Creatures
  A worm (D:2)
  A ball python (D:1)
  5 bats (D:1)
  4 giant cockroaches
  5 goblins (D:1)
  5 hobgoblins (D:1)
  2 kobolds (D:1)
  3 frilled lizards (D:1)
  4 rats (D:1)
30 creatures vanquished.

Notes
Turn   | Place    | Note
-------+----------+-------------------------------------------
     0 | D:1      | kae the Tengu Transmuter began the quest for the Orb.
     0 | D:1      | Reached XP level 1. HP: 12/12 MP: 4/4
   195 | D:1      | Reached XP level 2. HP: 15/16 MP: 4/6
   965 | D:1      | Reached XP level 3. HP: 18/20 MP: 5/7
   970 | D:1      | Learned a level 3 spell: Spider Form
  1559 | D:2      | HP: 1/20 [gnoll/+0 spear (6)]
  1562 | D:2      | Succumbed to miscasting Spider Form's poison

Illustrated notes

Levels and vault maps discovered:
D:1:      elethiomel_arrival_shortcut, layout_basic, serial_glass,
          glass_columns_a, glass_columns_a, glass_columns_c, glass_columns_a,
          glass_columns_a, glass_columns_a
D:2:      layout_basic, chequers_ecumenical_altar_lobes

Skill      XL: |  1  2 |
---------------+-------+-----
Transmutations | 2 |  2.1
Fighting       | |  1.3
Dodging        | |  2.4
Unarmed Combat | |  3.8
Spellcasting   | |  2.2
Poison Magic   | |  0.3

Action                   || total
-------------------------++-------
Melee: Unarmed           ||    75
       Kick              ||    16
       Peck              ||    11
       Headbutt          ||     2
 Cast: Beastly Appendage ||    15
Armor: Robe              ||    19
Dodge: Dodged            ||    59

Table legend: (Time is in decaauts)
 A = Elapsed time spent in this place.
 B = Non-inter-level travel time spent in this place.
 C = Inter-level travel time spent in this place.
 D = Time resting spent in this place.
 E = Time spent auto-exploring this place.
 F = Levels seen in this place.
 G = Mean time per level.
                   A        B        C        D        E       F      G
               +--------+--------+--------+--------+--------+-----+--------+
         Total |   1556 |   1513 |     43 |      0 |   1300 |   2 |  778.0 |
       Dungeon |   1556 |   1513 |     43 |      0 |   1300 |   2 |  778.0 |
               +--------+--------+--------+--------+--------+-----+--------+

Top non-repeatable levels by time:
     D:1: 1315 daAuts
     D:2: 241 daAuts
